[Event "47th GRE-chT 2019"]
[Site "Patra"]
[Date "2019.07.04"]
[Round "4.2"]
[White "Postny, Evgeny"]
[Black "Pavlidis, Antonios"]
[Result "1/2-1/2"]
[ECO "E15"]
[WhiteElo "2601"]
[BlackElo "2549"]
[Annotator "ChessBase"]
[PlyCount "72"]
[EventDate "2019.07.02"]
[EventCountry "GRE"]
[SourceTitle "playchess.com"]
[Source "ChessBase"]
[SourceQuality "1"]
[TimeControl "5400+30"]

1. d4 Nf6 2. c4 e6 3. Nf3 b6 4. g3 Ba6 5. b3 Bb4+ 6. Bd2 Be7 7. Bg2 O-O 8. O-O d5 9. Qc2 Bb7 10. cxd5 exd5 11. Nc3 Na6 12. Rad1 Re8 13. Ne5 c5 14. dxc5 Bxc5 15. Nd3 Bd6 16. Bg5 Rc8 17. Qb2 Nc7 18. e3 h6 19. Bf4 Ba6 20. Ne2 Ne6 21. Bxd6 Qxd6 22. Rfe1 Rc7 23. Ndf4 Bxe2 24. Nxe2 Rec8 25. Rd2 Qb4 26. a3 Qe7 27. b4 a5 28. bxa5 bxa5 29. h4 a4 30. Rb1 Ne4 31. Bxe4 dxe4 32. Qb4 Qxb4 33. Rxb4 Rc4 34. Rdb2 h5 35. Kf1 Kf8 36. Kg2 g6 1/2-1/2

[Event "47th GRE-chT 2019"]
[Site "Patra"]
[Date "2019.07.04"]
[Round "4.2"]
[White "Nikolaidis, Ioannis"]
[Black "Roinos, Ilias"]
[Result "1-0"]
[ECO "D32"]
[WhiteElo "2534"]
[BlackElo "2210"]
[Annotator "ChessBase"]
[PlyCount "61"]
[EventDate "2019.07.02"]
[EventCountry "GRE"]
[SourceTitle "playchess.com"]
[Source "ChessBase"]
[SourceQuality "1"]
[TimeControl "5400+30"]

1. d4 d5 2. Nf3 e6 3. c4 c5 4. cxd5 exd5 5. Nc3 Nc6 6. dxc5 d4 7. Na4 Bxc5 8. Nxc5 Qa5+ 9. Bd2 Qxc5 10. Rc1 Qb6 11. e3 Nf6 12. exd4 O-O 13. Be2 Re8 14. O-O Bg4 15. Bc3 Rad8 16. Re1 h6 17. h3 Bxf3 18. Bxf3 Nxd4 19. Rxe8+ Nxe8 20. Bxd4 Rxd4 21. Qe2 Nf6 22. Rc8+ Kh7 23. Qc2+ g6 24. Qc7 Qe6 25. Ra8 g5 26. Rxa7 Rc4 27. Qxb7 Rc1+ 28. Kh2 Kg7 29. Qe7 Qxe7 30. Rxe7 Rc2 31. Re2 1-0

[Event "47th GRE-chT 2019"]
[Site "Patra"]
[Date "2019.07.04"]
[Round "4.3"]
[White "Sandalakis, Angelos"]
[Black "Grivas, Efstratios"]
[Result "1/2-1/2"]
[ECO "C81"]
[WhiteElo "2429"]
[BlackElo "2418"]
[Annotator "NA"]
[PlyCount "46"]
[EventDate "2019.07.02"]
[EventCountry "GRE"]
[SourceTitle "playchess.com"]
[Source "ChessBase"]
[SourceQuality "1"]
[TimeControl "5400+30"]

1. e4 e5 2. Nf3 Nc6 3. Bb5 a6 4. Ba4 Nf6 5. O-O Nxe4 6. d4 b5 7. Bb3 d5 8. dxe5 Be6 9. Qe2 Bc5 10. Nbd2 Nxd2 11. Bxd2 O-O 12. Bg5 Qd7 13. Qd2 d4 14. Qf4 Rfe8 15. Rad1 Bxb3 16. axb3 Re6 17. b4 Be7 18. c3 Bxg5 19. Qxg5 Rg6 20. Qh5 Rh6 21. Qg5 Rg6 22. Qh5 Rh6 23. Qg5 Rg6 1/2-1/2

[Event "47th GRE-chT 2019"]
[Site "Patra"]
[Date "2019.07.04"]
[Round "4.3"]
[White "Gikas, Andreas Basilius"]
[Black "Koutoukidis, Panagiotis"]
[Result "0-1"]
[ECO "B47"]
[WhiteElo "2178"]
[BlackElo "2344"]
[Annotator "NA"]
[PlyCount "104"]
[EventDate "2019.07.02"]
[EventCountry "GRE"]
[SourceTitle "playchess.com"]
[Source "ChessBase"]
[SourceQuality "1"]
[TimeControl "5400+30"]

1. e4 c5 2. Nf3 e6 3. d4 cxd4 4. Nxd4 Nc6 5. Nc3 Qc7 6. Be2 Nf6 7. O-O Be7 8. Be3 O-O 9. f4 d6 10. Qe1 Nxd4 11. Bxd4 e5 12. Be3 b6 13. f5 Bb7 14. Bf3 Rfe8 15. Qg3 Kh8 16. Rfe1 Rac8 17. Kh1 Qc4 18. Bg5 h6 19. Bxf6 Bxf6 20. a3 d5 21. Be2 Qc5 22. Bb5 Re7 23. exd5 Bxd5 24. Nxd5 Qxd5 25. Qd3 Qxd3 26. Bxd3 e4 27. Rxe4 Rxe4 28. Bxe4 Bxb2 29. Ra2 Bc3 30. g3 b5 31. Bd3 Rc5 32. a4 b4 33. a5 Kg8 34. Kg2 Kf8 35. Kf3 Ke7 36. Ra4 Kd6 37. a6 Ke5 38. g4 Kd4 39. Kf2 Re5 40. Be2 Ke4 41. h3 Kf4 42. Bd3 f6 43. Be2 h5 44. Bf3 h4 45. Be2 Re3 46. Ra5 Rxh3 47. Rd5 Rh2+ 48. Kf1 h3 49. Bd1 Rh1+ 50. Kf2 Be1+ 51. Ke2 h2 52. Rd4+ Ke5 0-1

[Event "47th GRE-chT 2019"]
[Site "Patra"]
[Date "2019.07.04"]
[Round "4.4"]
[White "Souleidis, Georgios"]
[Black "Kanakaris, Georgios"]
[Result "1-0"]
[ECO "B51"]
[WhiteElo "2426"]
[BlackElo "2409"]
[Annotator "NA"]
[PlyCount "123"]
[EventDate "2019.07.02"]
[EventCountry "GRE"]
[SourceTitle "playchess.com"]
[Source "ChessBase"]
[SourceQuality "1"]
[TimeControl "5400+30"]

1. e4 c5 2. Nf3 d6 3. Bb5+ Nd7 4. O-O g6 5. c3 Ngf6 6. Re1 a6 7. Bf1 Ne5 8. d4 Nxf3+ 9. Qxf3 cxd4 10. cxd4 Bg7 11. e5 Ng4 12. Bf4 O-O 13. Nc3 Nh6 14. h3 Nf5 15. Rad1 h6 16. g4 Nh4 17. Qg3 g5 18. Bc1 f5 19. exf6 Rxf6 20. f4 d5 21. Bg2 Nxg2 22. Qxg2 Be6 23. fxg5 hxg5 24. Bxg5 Rg6 25. Bf4 Qd7 26. Be5 Kh7 27. Rd3 Rg8 28. Rg3 Bh6 29. Rf1 Bg5 30. Qc2 Bh4 31. Rg2 Qc8 32. Qd3 Qc4 33. Qxc4 dxc4 34. d5 Bd7 35. Rf7+ Kh6 36. Bf4+ Bg5 37. Bxg5+ Rxg5 38. Rxe7 R8g7 39. Rxg7 Kxg7 40. Rd2 b5 41. a3 a5 42. Kf2 Re5 43. Kf3 b4 44. axb4 axb4 45. Na2 c3 46. bxc3 b3 47. Nb4 Re1 48. Rb2 Ba4 49. Nd3 Rd1 50. Nc5 Be8 51. c4 Rc1 52. Rxb3 Rxc4 53. Rb7+ Kg6 54. Rb6+ Kg7 55. Ne6+ Kf7 56. h4 Ba4 57. Ng5+ Kf8 58. Rf6+ Kg8 59. Rf4 Bd1+ 60. Ke3 Rc5 61. Rd4 Bxg4 62. Ne4 1-0

[Event "47th GRE-chT 2019"]
[Site "Patra"]
[Date "2019.07.04"]
[Round "4.4"]
[White "Nikolaou, Georgios"]
[Black "Zervos, Lazaros"]
[Result "1-0"]
[ECO "A05"]
[WhiteElo "2202"]
[BlackElo "2055"]
[Annotator "NA"]
[PlyCount "111"]
[EventDate "2019.07.02"]
[EventCountry "GRE"]
[SourceTitle "playchess.com"]
[Source "ChessBase"]
[SourceQuality "1"]
[TimeControl "5400+30"]

1. Nf3 Nf6 2. c4 g6 3. g3 Bg7 4. Bg2 d5 5. d4 dxc4 6. Qa4+ Nfd7 7. O-O O-O 8. Qxc4 Nb6 9. Qd3 Nc6 10. Rd1 Bf5 11. e4 Bg4 12. Be3 Qd7 13. Nc3 e5 14. d5 Nd4 15. Bxd4 exd4 16. Ne2 Bxf3 17. Qxf3 c5 18. Rac1 Qb5 19. b3 Nd7 20. Qd3 Qxd3 21. Rxd3 f5 22. exf5 gxf5 23. Rdd1 Bh6 24. Rc2 Rad8 25. Nc1 Bxc1 26. Rdxc1 b6 27. b4 Rc8 28. Bf1 Ne5 29. bxc5 Rxc5 30. Rxc5 bxc5 31. f4 Nd7 32. Bb5 Nb6 33. Rxc5 Rd8 34. Kf2 Kf8 35. Bc6 Ke7 36. Ra5 Kd6 37. Ke2 h5 38. Kd3 h4 39. Kxd4 hxg3 40. hxg3 Nc8 41. Bb7 Nb6 42. Rc5 Rg8 43. Rc6+ Kd7 44. Rc3 Kd6 45. Bc6 Rh8 46. Re3 Rh6 47. a4 Rg6 48. a5 Nc8 49. Re8 Kc7 50. Kc5 Nd6 51. Re7+ Kb8 52. a6 Ne4+ 53. Kd4 Rxg3 54. Rb7+ Kc8 55. Bd7+ Kd8 56. Bxf5 1-0

[Event "47th GRE-chT 2019"]
[Site "Patra"]
[Date "2019.07.04"]
[Round "4.5"]
[White "Paehtz, Elisabeth"]
[Black "Daulyte-Cornette, Deimante"]
[Result "1-0"]
[ECO "D37"]
[WhiteElo "2473"]
[BlackElo "2444"]
[Annotator "ChessBase"]
[PlyCount "145"]
[EventDate "2019.07.02"]
[EventCountry "GRE"]
[SourceTitle "playchess.com"]
[Source "ChessBase"]
[SourceQuality "1"]
[TimeControl "5400+30"]

1. d4 d5 2. Nf3 e6 3. c4 a6 4. cxd5 exd5 5. Nc3 Nf6 6. Bg5 Be6 7. Qb3 b5 8. e3 Nbd7 9. Qd1 Bd6 10. Bd3 O-O 11. O-O c6 12. Rc1 Qb8 13. Ne2 Qc7 14. h3 Ne4 15. Qc2 Rac8 16. Bf4 h6 17. Nd2 Nxd2 18. Qxd2 Nf6 19. Bxd6 Qxd6 20. f3 c5 21. dxc5 Rxc5 22. Rxc5 Qxc5 23. Rc1 Qb6 24. Nd4 Rc8 25. Rxc8+ Bxc8 26. Qc3 Bd7 27. b4 Kf8 28. Kf2 Qd6 29. Ne2 Ke7 30. Qd4 Qc7 31. Nc3 Qd6 32. a3 Bc6 33. Ne2 Bd7 34. Qa7 Ne8 35. Nd4 g6 36. Nb3 Nc7 37. Nc5 h5 38. Qb8 Bc6 39. Qh8 Qf6 40. Qc8 Qd6 41. Qh8 a5 42. Qd4 axb4 43. axb4 Qf6 44. h4 Qxd4 45. exd4 Ne8 46. Ke3 Nd6 47. Kf4 Kf6 48. g4 Ne8 49. Be2 Nd6 50. Bf1 Ne8 51. Bh3 Nd6 52. gxh5 gxh5 53. Nd3 Be8 54. Ke3 Nc4+ 55. Ke2 Na3 56. Kd2 Nc4+ 57. Kc3 Kg7 58. Nf4 Bc6 59. Nxh5+ Kh6 60. Ng3 Nd6 61. Kd3 Nc4 62. Nf5+ Kh7 63. Ne7 Bb7 64. Bd7 Nd6 65. Nf5 Nc4 66. Bxb5 Kg6 67. Ne7+ Kh5 68. Bxc4 dxc4+ 69. Kxc4 Bxf3 70. d5 Kxh4 71. d6 Bg4 72. b5 Kg5 73. b6 1-0

[Event "47th GRE-chT 2019"]
[Site "Patra"]
[Date "2019.07.04"]
[Round "4.5"]
[White "Kiolbasa, Oliwia"]
[Black "Hristodoulaki, Antonia"]
[Result "1/2-1/2"]
[ECO "C11"]
[WhiteElo "2239"]
[BlackElo "2033"]
[Annotator "NA"]
[PlyCount "92"]
[EventDate "2019.07.02"]
[EventCountry "GRE"]
[SourceTitle "playchess.com"]
[Source "ChessBase"]
[SourceQuality "1"]
[TimeControl "5400+30"]

1. e4 e6 2. d4 d5 3. Nc3 Nf6 4. Bg5 dxe4 5. Nxe4 Be7 6. Bxf6 gxf6 7. Nf3 f5 8. Nc3 a6 9. g3 b5 10. Bg2 Bb7 11. O-O O-O 12. a4 b4 13. Ne2 c5 14. dxc5 Bxc5 15. Qxd8 Rxd8 16. Rfd1 Nd7 17. Nf4 Nb6 18. Ne5 Bxg2 19. Kxg2 a5 20. Rxd8+ Rxd8 21. Nc6 Rd2 22. Nd3 Rxc2 23. Nxa5 Bd4 24. Nb3 Bxb2 25. Ra2 Rc3 26. Ndc5 Bc1 27. a5 Na8 28. Nxc1 Rxc5 29. Nd3 Rb5 30. a6 b3 31. Rb2 Nc7 32. a7 Rb7 33. Nc5 Rxa7 34. Rxb3 Nd5 35. Nd3 Kg7 36. h4 Rc7 37. Ne5 Nf6 38. Rb2 Ne4 39. Nf3 Kf6 40. Nd2 Nxd2 41. Rxd2 h5 42. Ra2 Rd7 43. Rb2 f4 44. gxf4 Kf5 45. Kg3 f6 46. Rb5+ Rd5 1/2-1/2

[Event "47th GRE-chT 2019"]
[Site "Patra"]
[Date "2019.07.04"]
[Round "4.6"]
[White "Kalyva, Kyriaki"]
[Black "Tsolakidou, Stavroula"]
[Result "0-1"]
[ECO "E27"]
[WhiteElo "1869"]
[BlackElo "2423"]
[Annotator "NA"]
[PlyCount "91"]
[EventDate "2019.07.02"]
[EventCountry "GRE"]
[SourceTitle "playchess.com"]
[Source "ChessBase"]
[SourceQuality "1"]
[TimeControl "5400+30"]

1. d4 Nf6 2. c4 e6 3. Nc3 Bb4 4. a3 Bxc3+ 5. bxc3 O-O 6. f3 Nh5 7. Nh3 f5 8. Bg5 Nf6 9. e3 h6 10. Bh4 d6 11. Bd3 Qe8 12. Qc2 e5 13. O-O Nh7 14. Be1 Nc6 15. Bd2 Kh8 16. Nf2 Bd7 17. f4 exf4 18. e4 g5 19. exf5 Qf7 20. Ne4 Bxf5 21. g3 fxg3 22. Nxg3 Bxd3 23. Qxd3 Qd7 24. Nf5 Rf6 25. Rf2 Ne7 26. Nxe7 Qxe7 27. Re1 Qg7 28. Be3 Re8 29. Ree2 Rxf2 30. Bxf2 Rxe2 31. Qxe2 Qf7 32. d5 b6 33. Bd4+ Kg8 34. Qg4 Nf8 35. h4 Qe7 36. Qh5 Qe1+ 37. Kg2 Qxh4 38. Qxh4 gxh4 39. Bf6 Nd7 40. Bxh4 Ne5 41. Bd8 Kf7 42. Kf2 Ke8 43. Bh4 Nxc4 44. Ke2 Nxa3 45. Kd3 b5 46. Kd4 0-1

[Event "47th GRE-chT 2019"]
[Site "Patra"]
[Date "2019.07.04"]
[Round "4.6"]
[White "Chrysogelou, Athanasia-Panagiota"]
[Black "Strati, Betty - Anna"]
[Result "1-0"]
[ECO "E01"]
[WhiteElo "1770"]
[BlackElo "1710"]
[Annotator "NA"]
[PlyCount "103"]
[EventDate "2019.07.02"]
[EventCountry "GRE"]
[SourceTitle "playchess.com"]
[Source "ChessBase"]
[SourceQuality "1"]
[TimeControl "5400+30"]

1. d4 Nf6 2. c4 e6 3. g3 d5 4. Bg2 Bb4+ 5. Bd2 Be7 6. Nf3 O-O 7. Qc2 c6 8. O-O b6 9. b3 Bb7 10. Rd1 Nbd7 11. Bf4 Nh5 12. Bd2 Nhf6 13. Bc3 Rc8 14. Nbd2 c5 15. dxc5 Nxc5 16. Nf1 Nce4 17. Bb2 b5 18. Ne3 Bc5 19. Nd4 Qb6 20. Qb1 e5 21. Nxd5 Bxd5 22. cxd5 Nxf2 23. Kxf2 exd4 24. Qd3 Ng4+ 25. Kg1 Ne5 26. Qe4 Rfe8 27. Qf5 g6 28. Qh3 d3+ 29. e3 Bxe3+ 30. Kh1 Bd4 31. Rac1 Rxc1 32. Bxc1 Qd6 33. Qh4 Bc3 34. Qe4 Qd7 35. Bf4 f5 36. Qe3 Ng4 37. Qf3 Re2 38. Rf1 b4 39. h3 Nf6 40. Qxd3 Rxa2 41. Qc4 Kg7 42. d6 Bd2 43. Bc6 Qd8 44. Be5 Bc3 45. Bxf6+ Bxf6 46. Qxb4 Be5 47. Qb7+ Kf6 48. d7 Bxg3 49. Rd1 Ke7 50. Qb4+ Kf6 51. Qc3+ Be5 52. Rd6+ 1-0

[Event "47th GRE-chT 2019"]
[Site "Patra"]
[Date "2019.07.04"]
[Round "4.7"]
[White "Tsivelekidou, Evgenia"]
[Black "Kyriakidou, Chrysa"]
[Result "1-0"]
[ECO "D11"]
[WhiteElo "1956"]
[BlackElo "1338"]
[Annotator "NA"]
[PlyCount "61"]
[EventDate "2019.07.02"]
[EventCountry "GRE"]
[SourceTitle "playchess.com"]
[Source "ChessBase"]
[SourceQuality "1"]
[TimeControl "5400+30"]

1. d4 d5 2. c4 c6 3. Nf3 Nf6 4. Nbd2 Bf5 5. Nh4 Bg6 6. Qb3 Qc7 7. Nxg6 hxg6 8. g3 e6 9. Bg2 Nbd7 10. O-O Be7 11. e4 dxe4 12. Nxe4 O-O-O 13. Rd1 Qb6 14. Qc2 Nxe4 15. Bxe4 Nf6 16. Bf3 Rxd4 17. Rxd4 Qxd4 18. Be3 Qd8 19. Qa4 a5 20. a3 Nd7 21. b4 Bg5 22. Bxg5 Qxg5 23. Bxc6 Nf6 24. Bg2 Qe5 25. Rd1 Rh5 26. Qb3 Qc7 27. Qe3 Re5 28. Qa7 Nd7 29. Bxb7+ Qxb7 30. Qxb7+ Kxb7 31. Rxd7+ 1-0

[Event "47th GRE-chT 2019"]
[Site "Patra"]
[Date "2019.07.04"]
[Round "4.8"]
[White "Katopodis, Dimitrios"]
[Black "Loutragotis, Dimitrios"]
[Result "1/2-1/2"]
[ECO "E68"]
[WhiteElo "2279"]
[BlackElo "2287"]
[Annotator "NA"]
[PlyCount "75"]
[EventDate "2019.07.02"]
[EventCountry "GRE"]
[SourceTitle "playchess.com"]
[Source "ChessBase"]
[SourceQuality "1"]
[TimeControl "5400+30"]

1. d4 Nf6 2. c4 g6 3. Nf3 Bg7 4. g3 O-O 5. Bg2 d6 6. O-O Nbd7 7. Nc3 e5 8. e4 Re8 9. b3 Nb6 10. d5 a5 11. Be3 Nfd7 12. Qc2 Nc5 13. Nd2 f5 14. exf5 gxf5 15. f3 Bd7 16. a3 Qf6 17. Rac1 a4 18. b4 Nb3 19. c5 Nxc1 20. Rxc1 Nc8 21. Nc4 Bh6 22. Qd2 Bxe3+ 23. Qxe3 b5 24. c6 Bxc6 25. dxc6 bxc4 26. Nd5 Qf7 27. f4 Nb6 28. Nxb6 cxb6 29. fxe5 Rxe5 30. Qxb6 Rae8 31. Qd4 d5 32. b5 Qe6 33. c7 Re1+ 34. Rxe1 Qxe1+ 35. Bf1 c3 36. Qxd5+ Kg7 37. Qc5 Qd2 38. c8=Q 1/2-1/2

[Event "47th GRE-chT 2019"]
[Site "Patra"]
[Date "2019.07.04"]
[Round "4.8"]
[White "Androutsopoulos-Agiotatos, Vasil"]
[Black "Zisiadis, Dimitrios"]
[Result "1-0"]
[ECO "E94"]
[WhiteElo "2063"]
[BlackElo "2082"]
[Annotator "NA"]
[PlyCount "51"]
[EventDate "2019.07.02"]
[EventCountry "GRE"]
[SourceTitle "playchess.com"]
[Source "ChessBase"]
[SourceQuality "1"]
[TimeControl "5400+30"]

1. e4 g6 2. d4 Bg7 3. c4 d6 4. Nc3 Nc6 5. Nge2 e5 6. Be3 Nf6 7. f3 exd4 8. Nxd4 Bd7 9. Be2 O-O 10. O-O Re8 11. Qd2 Nh5 12. f4 Nf6 13. Bf3 Na5 14. Qd3 Bg4 15. Rfe1 a6 16. h3 Bxf3 17. Nxf3 b5 18. cxb5 axb5 19. Nxb5 Nxe4 20. Bd4 f5 21. Nc3 Nf6 22. b4 Nb7 23. Qc4+ d5 24. Rxe8+ Qxe8 25. Nxd5 Qf7 26. Bxf6 1-0

[Event "47th GRE-chT 2019"]
[Site "Patra"]
[Date "2019.07.04"]
[Round "4.9"]
[White "Stefanou, Dimitrios"]
[Black "Koutlas, Nikolaos"]
[Result "1-0"]
[ECO "A61"]
[WhiteElo "1975"]
[BlackElo "1969"]
[Annotator "NA"]
[PlyCount "85"]
[EventDate "2019.07.02"]
[EventCountry "GRE"]
[SourceTitle "playchess.com"]
[Source "ChessBase"]
[SourceQuality "1"]
[TimeControl "5400+30"]

1. d4 Nf6 2. Nf3 e6 3. c4 c5 4. d5 exd5 5. cxd5 d6 6. Nc3 g6 7. Bf4 Bg7 8. Qa4+ Bd7 9. Qb3 Qc7 10. e3 O-O 11. h3 Na6 12. Be2 b5 13. Bxb5 Rab8 14. O-O Nh5 15. a4 Nxf4 16. exf4 Nb4 17. Qd1 a6 18. Bc4 Rfe8 19. Qd2 Re7 20. Rfe1 Rbe8 21. Rxe7 Rxe7 22. Re1 Qd8 23. Re3 Qe8 24. Bb3 Bf5 25. g4 Rxe3 26. fxe3 Bd7 27. Kh2 Qb8 28. Bc4 Qe8 29. Bb3 Qb8 30. Bc4 Qe8 31. Bb3 Qb8 32. Bd1 Qe8 33. e4 h5 34. gxh5 gxh5 35. Qg2 Nd3 36. Qd2 Bxc3 37. Qxd3 Bxb2 38. Ng5 Bxa4 39. Bxh5 Qe7 40. Bxf7+ Kg7 41. e5 Qd7 42. Qg6+ Kf8 43. Nh7+ 1-0

[Event "47th GRE-chT 2019"]
[Site "Patra"]
[Date "2019.07.04"]
[Round "4.9"]
[White "Vrailas, Marios"]
[Black "Abelakiotis, Stavros"]
[Result "0-1"]
[ECO "E32"]
[WhiteElo "1285"]
[BlackElo "1959"]
[Annotator "NA"]
[PlyCount "82"]
[EventDate "2019.07.02"]
[EventCountry "GRE"]
[SourceTitle "playchess.com"]
[Source "ChessBase"]
[SourceQuality "1"]
[TimeControl "5400+30"]

1. d4 Nf6 2. c4 e6 3. Nc3 Bb4 4. Qc2 O-O 5. Nf3 c5 6. e3 cxd4 7. exd4 d5 8. Be3 b6 9. Bd3 dxc4 10. Bxc4 Bb7 11. Rd1 Qc7 12. Bd3 Nbd7 13. O-O Rac8 14. Rc1 Qb8 15. Qe2 h6 16. Nb5 Ng4 17. g3 a6 18. a3 Be7 19. Nc3 Qa8 20. Nd2 Ngf6 21. f4 Rfe8 22. Nc4 Ne4 23. Nxe4 Bxe4 24. Ne5 Bxd3 25. Qxd3 Nf6 26. f5 exf5 27. Qxf5 Qb7 28. Qd3 b5 29. Qb3 Bd6 30. Bf4 Bxe5 31. Bxe5 Nd5 32. Qf3 f6 33. Bf4 Qd7 34. Rc5 Rcd8 35. Rd1 Qe6 36. Kf2 Kh8 37. Bc1 Qh3 38. Rxd5 Qxh2+ 39. Kf1 Rxd5 40. Rd2 Qh3+ 41. Kg1 Re1+ 0-1

[Event "47th GRE-chT 2019"]
[Site "Patra"]
[Date "2019.07.04"]
[Round "4.10"]
[White "Dimanoudis, Petros"]
[Black "Papaoulakis, Isidoros"]
[Result "1/2-1/2"]
[ECO "B40"]
[WhiteElo "1456"]
[BlackElo "1393"]
[Annotator "NA"]
[PlyCount "146"]
[EventDate "2019.07.02"]
[EventCountry "GRE"]
[SourceTitle "playchess.com"]
[Source "ChessBase"]
[SourceQuality "1"]
[TimeControl "5400+30"]

1. e4 c5 2. Nf3 e6 3. d4 cxd4 4. Nxd4 Nf6 5. Nc3 Bb4 6. e5 Nd5 7. Bd2 Nxc3 8. bxc3 Be7 9. Qg4 g6 10. Bh6 Qc7 11. Qg3 a6 12. Nb3 Nc6 13. Nd2 d5 14. Nf3 Bd7 15. Rb1 Bf8 16. Bxf8 Kxf8 17. Qg5 h6 18. Qf6 Rh7 19. Bd3 Rg7 20. h4 h5 21. Rh3 Ne7 22. Rb3 b5 23. Ng5 Nf5 24. Bxf5 exf5 25. e6 Re8 26. Re3 Qc6 27. Nxf7 Qxe6 28. Rxe6 Rxe6+ 29. Qxe6 Bxe6 30. Ng5 Re7 31. Kd2 Ke8 32. Kd3 Bc8 33. Nh3 Kf7 34. Nf4 Rd7 35. Kd4 Bb7 36. Nd3 Rd6 37. Ne5+ Kg7 38. a4 Rb6 39. Nd7 Rd6 40. Ne5 Rb6 41. Kc5 Re6 42. f4 Re7 43. Kd6 Re8 44. axb5 axb5 45. Rxb5 Ba8 46. Kd7 Rg8 47. g3 Kh7 48. Kc7 Rg7+ 49. Kb8 Rg8+ 50. Ka7 Rc8 51. Rb8 Rxc3 52. Kxa8 Rxg3 53. Rb3 Rg2 54. Rc3 Rh2 55. Nf3 Rf2 56. Rc7+ Kg8 57. Rc8+ Kg7 58. Ng5 Rh2 59. Rc5 Rxh4 60. Rxd5 Kf6 61. Rd4 Rxf4 62. Rxf4 Kxg5 63. Rf1 Kf6 64. c4 Ke5 65. c5 Kd5 66. Rc1 Kc6 67. Rc4 g5 68. Rc1 f4 69. Rh1 Kxc5 70. Rxh5 Kd4 71. Rxg5 f3 72. Rf5 Ke3 73. Rxf3+ Kxf3 1/2-1/2

[Event "47th GRE-chT 2019"]
[Site "Patra"]
[Date "2019.07.04"]
[Round "4.10"]
[White "Dogias, Christos"]
[Black "Dristellas, Neoklis"]
[Result "1-0"]
[ECO "C54"]
[WhiteElo "1409"]
[BlackElo "1577"]
[Annotator "NA"]
[PlyCount "67"]
[EventDate "2019.07.02"]
[EventCountry "GRE"]
[SourceTitle "playchess.com"]
[Source "ChessBase"]
[SourceQuality "1"]
[TimeControl "5400+30"]

1. e4 e5 2. Nf3 Nc6 3. Bc4 Bc5 4. c3 Nf6 5. d3 a6 6. Bb3 Ba7 7. O-O d6 8. Bc2 h6 9. Nbd2 O-O 10. h3 Be6 11. Re1 Re8 12. Nf1 d5 13. Qe2 Qd7 14. Kh2 Rad8 15. Ng3 b5 16. Nh4 Ne7 17. d4 dxe4 18. dxe5 Bc4 19. Qd1 Bxf2 20. exf6 Bxe1 21. Qxe1 Nd5 22. fxg7 Nf6 23. Qe3 Re6 24. Nhf5 Nd5 25. Nxh6+ Kxg7 26. Nhf5+ Kg8 27. Qf2 Rf6 28. Bg5 e3 29. Qe1 e2 30. Bxf6 Nxf6 31. Nxe2 Bxe2 32. Qxe2 c6 33. Qe3 Qc7+ 34. Kh1 1-0

[Event "47th GRE-chT 2019"]
[Site "Patra"]
[Date "2019.07.04"]
[Round "4.11"]
[White "Ivic, Velimir"]
[Black "Balogh, Csaba"]
[Result "0-1"]
[ECO "C65"]
[WhiteElo "2510"]
[BlackElo "2587"]
[Annotator "ChessBase"]
[PlyCount "62"]
[EventDate "2019.07.02"]
[EventCountry "GRE"]
[SourceTitle "playchess.com"]
[Source "ChessBase"]
[SourceQuality "1"]
[TimeControl "5400+30"]

1. e4 e5 2. Nf3 Nc6 3. Bb5 Nf6 4. d3 Bc5 5. Bxc6 dxc6 6. Nbd2 O-O 7. Nc4 Nd7 8. h4 b5 9. Ne3 Re8 10. h5 Bf8 11. g4 h6 12. Nf5 Nf6 13. Rg1 Nh7 14. Be3 f6 15. N3h4 Ng5 16. Kf1 Be6 17. Kg2 c5 18. a4 a6 19. f3 Qd7 20. Ng6 Bd6 21. b3 Bf7 22. Qd2 Kh7 23. Ngh4 Bf8 24. Qc3 Ne6 25. axb5 axb5 26. Rxa8 Rxa8 27. Ra1 Qd8 28. Ra5 c6 29. Bd2 b4 30. Rxa8 bxc3 31. Rxd8 cxd2 0-1

[Event "47th GRE-chT 2019"]
[Site "Patra"]
[Date "2019.07.04"]
[Round "4.12"]
[White "Shoker, Samy"]
[Black "Safarli, Eltaj"]
[Result "1/2-1/2"]
[ECO "D79"]
[WhiteElo "2496"]
[BlackElo "2608"]
[Annotator "ChessBase"]
[PlyCount "60"]
[EventDate "2019.07.02"]
[EventCountry "GRE"]
[SourceTitle "playchess.com"]
[Source "ChessBase"]
[SourceQuality "1"]
[TimeControl "5400+30"]

1. Nf3 Nf6 2. g3 g6 3. Bg2 Bg7 4. O-O O-O 5. c4 c6 6. Nc3 d5 7. cxd5 cxd5 8. d4 Nc6 9. Ne5 Bf5 10. Bg5 Ne4 11. Nxc6 bxc6 12. Nxe4 dxe4 13. Rc1 Qxd4 14. Bxe7 Qxd1 15. Rfxd1 Bxb2 16. Rxc6 Rfc8 17. Rc5 Rxc5 18. Bxc5 a5 19. a4 Bc3 20. Rc1 Bd2 21. Rd1 Bb4 22. Be3 h5 23. h3 Rc8 24. Rd5 Be6 25. Re5 Bd7 26. Bxe4 Bxa4 27. Bd5 Re8 28. Rg5 Bc2 29. Ba2 Bf5 30. g4 hxg4 1/2-1/2

[Event "47th GRE-chT 2019"]
[Site "Patra"]
[Date "2019.07.04"]
[Round "4.12"]
[White "Trimitzios, Petros"]
[Black "Papadopoulos, Nikolaos"]
[Result "1/2-1/2"]
[ECO "A04"]
[WhiteElo "2285"]
[BlackElo "2272"]
[Annotator "NA"]
[PlyCount "150"]
[EventDate "2019.07.02"]
[EventCountry "GRE"]
[SourceTitle "playchess.com"]
[Source "ChessBase"]
[SourceQuality "1"]
[TimeControl "5400+30"]

1. Nf3 g6 2. e4 d6 3. d4 Nf6 4. Bd3 Bg7 5. h3 O-O 6. O-O c5 7. c3 Nc6 8. dxc5 dxc5 9. Qe2 Qc7 10. Re1 e5 11. Be3 b6 12. Nbd2 Nh5 13. Bc4 Re8 14. Rad1 Nf4 15. Qf1 Re7 16. Nb3 Bd7 17. Rd2 Rb8 18. Red1 h6 19. Nxc5 bxc5 20. Bxc5 Be6 21. Bd6 Qb6 22. Bxe6 Rxe6 23. Bxb8 Nxb8 24. Qc4 Bf6 25. Kh2 Rc6 26. Qb3 Qc7 27. Ne1 Kg7 28. Nd3 Rb6 29. Qc2 Bg5 30. Nb4 a5 31. Nd5 Nxd5 32. Rxd5 h5 33. Rxa5 h4 34. Rad5 Rf6 35. a4 Qa7 36. f3 Bf4+ 37. Kh1 Nc6 38. b4 Qe3 39. R5d3 Qb6 40. a5 Qb5 41. Qa2 Bg3 42. Rd5 Qa6 43. Ra1 Ne7 44. b5 Qa7 45. b6 Qa6 46. Rc5 Rd6 47. Qb1 Qe2 48. b7 Rd2 49. Qf1 Qe3 50. b8=Q Qxc5 51. Qb6 Qxc3 52. Rc1 Qa3 53. Qc5 Qb2 54. Qc3 Qa2 55. Qfc4 Rxg2 56. Qxa2 Rxa2 57. Rc2 Ra4 58. Qc5 Ng8 59. Qc3 Nf6 60. Qd2 Bf4 61. Qd8 Nh5 62. Kg2 Be3 63. Qxh4 Nf4+ 64. Kg3 Rxa5 65. Rc8 Nh5+ 66. Kh2 Ra2+ 67. Kh1 Ra1+ 68. Kh2 Ra2+ 69. Kh1 Ra1+ 70. Kg2 Nf4+ 71. Kh2 Ra2+ 72. Kh1 Ra1+ 73. Kh2 Ra2+ 74. Kh1 Ra1+ 75. Kh2 Ra2+ 1/2-1/2

[Event "47th GRE-chT 2019"]
[Site "Patra"]
[Date "2019.07.04"]
[Round "4.13"]
[White "Halkias, Stelios"]
[Black "Georgiev, Krum"]
[Result "1/2-1/2"]
[ECO "E92"]
[WhiteElo "2553"]
[BlackElo "2323"]
[Annotator "ChessBase"]
[PlyCount "59"]
[EventDate "2019.07.02"]
[EventCountry "GRE"]
[SourceTitle "playchess.com"]
[Source "ChessBase"]
[SourceQuality "1"]
[TimeControl "5400+30"]

1. Nf3 g6 2. c4 Bg7 3. d4 d6 4. Nc3 Nf6 5. e4 O-O 6. Be2 e5 7. Be3 Ng4 8. Bg5 f6 9. Bh4 Qe8 10. c5 dxc5 11. dxe5 Nxe5 12. Nxe5 fxe5 13. Qd5+ Kh8 14. Qxc5 c6 15. Rd1 Be6 16. Qb4 Qc8 17. O-O Re8 18. Rd6 Nd7 19. Rxe6 Rxe6 20. Bg4 a5 21. Qa3 Qe8 22. Bxe6 Qxe6 23. Rd1 Bf8 24. Qa4 Nc5 25. Qc2 Be7 26. Bg3 Rd8 27. h3 Kg7 28. Rxd8 Bxd8 29. Nd1 Nd7 30. b3 1/2-1/2